[Event "49th Rilton Cup 2019-20"]
[Site "Stockholm"]
[Date "2019.12.28"]
[Round "2.5"]
[White "Moradiabadi, Elshan"]
[Black "Percivaldi, Martin"]
[Result "1-0"]
[ECO "A28"]
[WhiteElo "2539"]
[BlackElo "2386"]
[Annotator "ChessBase"]
[PlyCount "67"]
[EventDate "2019.12.27"]
[EventType "swiss"]
[EventCountry "SWE"]
[SourceTitle "playchess.com"]
[Source "ChessBase"]
[SourceQuality "1"]
[TimeControl "40/5400+30:1800+30"]

1. c4 Nf6 2. Nc3 e5 3. Nf3 Nc6 4. e3 Bb4 5. Qc2 Bxc3 6. Qxc3 Qe7 7. a3 d5 8. d4 exd4 9. Nxd4 Nxd4 10. Qxd4 c5 11. Qh4 O-O 12. cxd5 Rd8 13. Be2 Rxd5 14. f3 Be6 15. e4 Rd7 16. O-O Nd5 17. Qf2 Nc7 18. Be3 b6 19. f4 f5 20. exf5 Bxf5 21. Rfe1 Qf6 22. b4 Nd5 23. bxc5 Nxe3 24. Qxe3 bxc5 25. Qxc5 Qd4+ 26. Qxd4 Rxd4 27. Bf3 Rad8 28. Re7 Rxf4 29. Rxa7 g5 30. a4 g4 31. Ra8 Rfd4 32. Rxd8+ Rxd8 33. Bb7 Rd7 34. Bc8 1-0

[Event "49th Rilton Cup 2019-20"]
[Site "Stockholm"]
[Date "2019.12.28"]
[Round "2.6"]
[White "Schekachikhin, Maksim"]
[Black "Kulaots, Kaido"]
[Result "1/2-1/2"]
[ECO "A40"]
[WhiteElo "2389"]
[BlackElo "2538"]
[Annotator "ChessBase"]
[PlyCount "84"]
[EventDate "2019.12.27"]
[EventType "swiss"]
[EventCountry "SWE"]
[SourceTitle "playchess.com"]
[Source "ChessBase"]
[SourceQuality "1"]
[TimeControl "40/5400+30:1800+30"]

1. d4 e6 2. c4 b6 3. Nf3 Bb7 4. Nc3 Nf6 5. g3 Bb4 6. Bd2 O-O 7. Bg2 d6 8. O-O Bxc3 9. Bxc3 Be4 10. Re1 Nbd7 11. b3 h6 12. Bh3 Bh7 13. Nd2 d5 14. Rc1 Qe7 15. cxd5 Nxd5 16. Bb2 c5 17. Bg2 Rac8 18. Nc4 N5f6 19. e4 cxd4 20. e5 Nd5 21. Qxd4 Nc5 22. Ba3 Rcd8 23. Ne3 Nxe3 24. Qxe3 Rc8 25. Rc3 Rfd8 26. Rec1 Qd7 27. Bxc5 bxc5 28. Bf3 Bf5 29. Rxc5 Rxc5 30. Qxc5 Bh3 31. Qe3 a5 32. Qe1 Qd2 33. Qxd2 Rxd2 34. a4 Rb2 35. Rc8+ Kh7 36. Be4+ g6 37. Bc2 Kg7 38. f3 h5 39. Rc4 Ra2 40. Rc5 Rb2 41. Rc4 Kh6 42. Rc7 Kg7 1/2-1/2

[Event "49th Rilton Cup 2019-20"]
[Site "Stockholm"]
[Date "2019.12.28"]
[Round "2.7"]
[White "Blomqvist, Erik"]
[Black "Soumya, Swaminathan"]
[Result "1-0"]
[ECO "C49"]
[WhiteElo "2537"]
[BlackElo "2384"]
[Annotator "ChessBase"]
[PlyCount "119"]
[EventDate "2019.12.27"]
[EventType "swiss"]
[EventCountry "SWE"]
[SourceTitle "playchess.com"]
[Source "ChessBase"]
[SourceQuality "1"]
[TimeControl "40/5400+30:1800+30"]

1. e4 e5 2. Nf3 Nc6 3. Bb5 Nf6 4. Nc3 Bb4 5. O-O O-O 6. d3 Re8 7. Bg5 a6 8. Ba4 b5 9. Bb3 h6 10. Bxf6 Qxf6 11. Nd5 Qd8 12. a4 Rb8 13. axb5 axb5 14. Nxb4 Nxb4 15. d4 exd4 16. Qxd4 Qe7 17. c3 Nc6 18. Qd2 d6 19. Bd5 Bd7 20. b4 Qf6 21. Ra6 Ne7 22. e5 Qf5 23. Bb3 dxe5 24. Re1 e4 25. Nh4 Qg4 26. h3 Qxh4 27. Qxd7 c6 28. g3 Qf6 29. Rxe4 Rbd8 30. Qg4 Ng6 31. Ra7 Rf8 32. Re3 Ne5 33. Qe2 Nc4 34. Bxc4 bxc4 35. Qxc4 Rd2 36. Qf4 Qxf4 37. gxf4 Rfd8 38. Ree7 R8d6 39. Rxf7 Rg6+ 40. Kf1 Rd3 41. f5 Rg5 42. f6 Rf3 43. Rxg7+ Rxg7 44. Rxg7+ Kf8 45. Rg3 Rxf6 46. Ke2 Ke7 47. Ke3 Kd6 48. f4 Kd5 49. Rf3 c5 50. bxc5 Kxc5 51. Ke4 Kd6 52. f5 Ke7 53. Ke5 Rc6 54. f6+ Kf7 55. Kd5 Rc8 56. c4 Rd8+ 57. Kc6 Rc8+ 58. Kb5 Rb8+ 59. Ka6 Rc8 60. Rf4 1-0

[Event "49th Rilton Cup 2019-20"]
[Site "Stockholm"]
[Date "2019.12.28"]
[Round "2.9"]
[White "Del Rey, Diego"]
[Black "Schoppen, Casper"]
[Result "0-1"]
[ECO "A48"]
[WhiteElo "2374"]
[BlackElo "2507"]
[Annotator "ChessBase"]
[PlyCount "67"]
[EventDate "2019.12.27"]
[EventType "swiss"]
[EventCountry "SWE"]
[SourceTitle "playchess.com"]
[Source "ChessBase"]
[SourceQuality "1"]
[TimeControl "40/5400+30:1800+30"]

1. d4 Nf6 2. Nf3 g6 3. Nc3 d5 4. Bg5 Bg7 5. Bxf6 exf6 6. e3 c6 7. Bd3 f5 8. Ne2 O-O 9. O-O Nd7 10. c4 dxc4 11. Bxc4 c5 12. Qb3 Rb8 13. a4 Qe7 14. Rfd1 Nb6 15. Nf4 Nxc4 16. Qxc4 cxd4 17. Nxd4 Qe4 18. a5 Be5 19. Qc5 b6 20. axb6 axb6 21. Qc3 Bxf4 22. exf4 Bb7 23. Qf3 Qxf3 24. Nxf3 Bxf3 25. gxf3 Rfd8 26. Kg2 Kf8 27. Rxd8+ Rxd8 28. Ra6 Rd6 29. Kf1 Ke7 30. Ke2 Ke6 31. Ra7 Rd4 32. Ke3 Rb4 33. Ra2 Rb3+ 34. Kd4 {Ke5+} 0-1

[Event "49th Rilton Cup 2019-20"]
[Site "Stockholm"]
[Date "2019.12.28"]
[Round "2.10"]
[White "Koykka, Pekka"]
[Black "Valsecchi, Alessio"]
[Result "1-0"]
[ECO "C01"]
[WhiteElo "2372"]
[BlackElo "2503"]
[Annotator "ChessBase"]
[PlyCount "97"]
[EventDate "2019.12.27"]
[EventType "swiss"]
[EventCountry "SWE"]
[SourceTitle "playchess.com"]
[Source "ChessBase"]
[SourceQuality "1"]
[TimeControl "40/5400+30:1800+30"]

1. e4 e6 2. d4 d5 3. exd5 exd5 4. Bd3 Bd6 5. Nf3 Nc6 6. c3 Bg4 7. O-O Nge7 8. Re1 Qd7 9. Nbd2 O-O-O 10. b4 Ng6 11. b5 Nce7 12. Qa4 Kb8 13. Ne5 Bxe5 14. dxe5 f6 15. exf6 gxf6 16. Nb3 b6 17. Nd4 Rde8 18. Bxg6 hxg6 19. f3 Nc8 20. Bf4 Bf5 21. Nc6+ Ka8 22. Qd4 Rh4 23. Rxe8 Qxe8 24. Qd2 Qf7 25. a4 a5 26. bxa6 Bd7 27. Nb4 c6 28. a5 b5 29. Nd3 Bf5 30. Bg3 Rh8 31. Nb4 Qd7 32. Qd4 Re8 33. Bf2 Qd6 34. Re1 Rxe1+ 35. Bxe1 g5 36. Bg3 Qe7 37. Nxc6 Qd7 38. Nb4 Qa7 39. Nxd5 Qxd4+ 40. cxd4 Ka7 41. Nb4 Bd7 42. Bc7 f5 43. d5 g4 44. Kf2 Ne7 45. h4 gxh3 46. gxh3 Ng6 47. Kg3 Bc8 48. Bb6+ Ka8 49. f4 1-0

[Event "49th Rilton Cup 2019-20"]
[Site "Stockholm"]
[Date "2019.12.28"]
[Round "2.11"]
[White "Quesada Perez, Luis Ernesto"]
[Black "Sorensen, Hampus"]
[Result "1-0"]
[ECO "D45"]
[WhiteElo "2499"]
[BlackElo "2364"]
[Annotator "ChessBase"]
[PlyCount "86"]
[EventDate "2019.12.27"]
[EventType "swiss"]
[EventCountry "SWE"]
[SourceTitle "playchess.com"]
[Source "ChessBase"]
[SourceQuality "1"]
[TimeControl "40/5400+30:1800+30"]

1. d4 d5 2. c4 c6 3. Nc3 Nf6 4. e3 e6 5. Nf3 a6 6. Qc2 c5 7. cxd5 exd5 8. Be2 cxd4 9. Nxd4 Bd6 10. O-O O-O 11. b3 Bd7 12. Bf3 Nc6 13. Nxd5 Nxd5 14. Bxd5 Nb4 15. Qe4 Re8 16. Qf3 Nxd5 17. Qxd5 Bb5 18. Qxb7 Bxf1 19. Kxf1 Qc8 20. Qxc8 Raxc8 21. Bb2 Be5 22. Ke2 Bxd4 23. Bxd4 Rc2+ 24. Kf3 Rec8 25. b4 Rc1 26. Rxc1 Rxc1 27. a4 Rb1 28. Bc5 Ra1 29. a5 f6 30. Ke4 Rd1 31. b5 axb5 32. a6 Ra1 33. a7 Kf7 34. Kd5 Ra6 35. e4 Ke8 36. f4 b4 37. Kc4 b3 38. Kxb3 Kd7 39. e5 fxe5 40. fxe5 Ke6 41. Kc4 Kxe5 42. Kb5 Ra2 43. Bb6 Kd5 1-0

[Event "49th Rilton Cup 2019-20"]
[Site "Stockholm"]
[Date "2019.12.28"]
[Round "2.12"]
[White "Mikalsen, Erlend"]
[Black "Miezis, Normunds"]
[Result "1/2-1/2"]
[ECO "B43"]
[WhiteElo "2361"]
[BlackElo "2486"]
[Annotator "ChessBase"]
[PlyCount "97"]
[EventDate "2019.12.27"]
[EventType "swiss"]
[EventCountry "SWE"]
[SourceTitle "playchess.com"]
[Source "ChessBase"]
[SourceQuality "1"]
[TimeControl "40/5400+30:1800+30"]

1. e4 c5 2. Nf3 e6 3. d4 cxd4 4. Nxd4 a6 5. Nc3 b5 6. Bd3 Bb7 7. O-O Nc6 8. Nxc6 Bxc6 9. Qe2 Bc5 10. Bf4 d6 11. a4 b4 12. Nd5 Bb7 13. Ne3 Ne7 14. Rad1 Ng6 15. Bg3 O-O 16. e5 Qb6 17. exd6 Rad8 18. Kh1 Bxd6 19. Nc4 Qc6 20. Be4 Qxe4 21. Qxe4 Bxe4 22. Bxd6 Rfe8 23. Bxb4 Bxc2 24. Rc1 Bd3 25. Rfe1 Rd4 26. Nd6 Rb8 27. Ba3 Rxa4 28. Rc3 Bb5 29. Rc7 Rf4 30. f3 h6 31. Re3 e5 32. Ne4 Rd8 33. g3 Rd1+ 34. Kg2 Rf5 35. Bb4 Bf1+ 36. Kf2 Bb5 37. Bc3 Rf1+ 38. Kg2 Rd1 39. Rc5 Kh7 40. Rc7 Kg8 41. Rc8+ Kh7 42. Rc7 Bf1+ 43. Kf2 Bh3 44. Re1 Rd8 45. Re2 Rd1 46. Re1 Rd5 47. Re2 Rd3 48. Re3 Rd1 49. Re1 1/2-1/2

[Event "49th Rilton Cup 2019-20"]
[Site "Stockholm"]
[Date "2019.12.28"]
[Round "2.13"]
[White "Tsyhanchuk, Stanislav"]
[Black "Pavlovic, Milos"]
[Result "1/2-1/2"]
[ECO "C10"]
[WhiteElo "2357"]
[BlackElo "2480"]
[Annotator "ChessBase"]
[PlyCount "79"]
[EventDate "2019.12.27"]
[EventType "swiss"]
[EventCountry "SWE"]
[SourceTitle "playchess.com"]
[Source "ChessBase"]
[SourceQuality "1"]
[TimeControl "40/5400+30:1800+30"]

1. e4 e6 2. d4 d5 3. Nc3 dxe4 4. Nxe4 Be7 5. Nf3 Nf6 6. Bd3 Nbd7 7. O-O O-O 8. Qe2 b6 9. Re1 Bb7 10. Neg5 Bd6 11. Ne4 Nxe4 12. Bxe4 Bxe4 13. Qxe4 c5 14. Bg5 Qc7 15. Rad1 h6 16. Bh4 c4 17. Ne5 Rae8 18. f4 b5 19. c3 Nb6 20. f5 exf5 21. Qxf5 Re6 22. Nf3 Qd7 23. Rxe6 fxe6 24. Qg4 Nd5 25. Re1 Rf5 26. Bg3 Bf4 27. Ne5 Bxe5 28. Bxe5 Qf7 29. Qe2 Qd7 30. a4 a6 31. axb5 axb5 32. Bg3 Rf6 33. Ra1 Qc6 34. Qe4 Qd7 35. Be5 Rf8 36. Qg6 Nf4 37. Bxf4 Rxf4 38. Ra8+ Rf8 39. Rxf8+ Kxf8 40. Qe4 1/2-1/2

[Event "49th Rilton Cup 2019-20"]
[Site "Stockholm"]
[Date "2019.12.28"]
[Round "2.14"]
[White "Ippolito, Dean"]
[Black "Ivanov, Sergey"]
[Result "1-0"]
[ECO "D45"]
[WhiteElo "2356"]
[BlackElo "2478"]
[Annotator "ChessBase"]
[PlyCount "81"]
[EventDate "2019.12.27"]
[EventType "swiss"]
[EventCountry "SWE"]
[SourceTitle "playchess.com"]
[Source "ChessBase"]
[SourceQuality "1"]
[TimeControl "40/5400+30:1800+30"]

1. d4 d5 2. c4 c6 3. Nf3 Nf6 4. Nc3 e6 5. e3 Nbd7 6. Qc2 Bd6 7. Bd3 O-O 8. O-O dxc4 9. Bxc4 e5 10. h3 h6 11. Rd1 Qc7 12. Bd2 Re8 13. dxe5 Nxe5 14. Nxe5 Bxe5 15. Rac1 Be6 16. Bxe6 Rxe6 17. Ne2 Ne4 18. Be1 Rae8 19. Nd4 Rf6 20. Kh1 Bd6 21. Kg1 Qe7 22. Nf3 Rg6 23. Rd4 c5 24. Rd3 Ng5 25. Nxg5 Qxg5 26. f4 Qf5 27. Rb3 Qd5 28. Qd2 Qe4 29. Qc2 Qc6 30. f5 Rf6 31. Bh4 g5 32. fxg6 Rxg6 33. Rf1 c4 34. Rc3 Re4 35. Qf2 Qd5 36. Bf6 Bc5 37. Kh1 Rxe3 38. Rxe3 Bxe3 39. Qe2 Qd3 40. Rd1 Bd2 41. Qe8+ 1-0

[Event "49th Rilton Cup 2019-20"]
[Site "Stockholm"]
[Date "2019.12.28"]
[Round "2.15"]
[White "Serarols Mabras, Bernat"]
[Black "Gagare, Shardul"]
[Result "1/2-1/2"]
[ECO "A41"]
[WhiteElo "2356"]
[BlackElo "2468"]
[Annotator "ChessBase"]
[PlyCount "63"]
[EventDate "2019.12.27"]
[EventType "swiss"]
[EventCountry "SWE"]
[SourceTitle "playchess.com"]
[Source "ChessBase"]
[SourceQuality "1"]
[TimeControl "40/5400+30:1800+30"]

1. d4 d6 2. c4 e5 3. Nc3 exd4 4. Qxd4 Nc6 5. Qd2 Nf6 6. e4 Be6 7. b3 Be7 8. Bb2 O-O 9. g3 a5 10. Bg2 a4 11. Nge2 axb3 12. axb3 Rxa1+ 13. Bxa1 Qa8 14. O-O Qa5 15. Nf4 Ra8 16. Qb2 Qa3 17. Nb5 Qxb2 18. Bxb2 Ra2 19. Bxf6 Bxf6 20. Nxc7 Nd4 21. Rb1 Bg4 22. h3 Ne2+ 23. Nxe2 Bxe2 24. Nb5 Rd2 25. Bf1 Bd1 26. b4 Ba4 27. f4 Bxb5 28. cxb5 Bd4+ 29. Kh1 h5 30. h4 g6 31. Rb3 b6 32. Rd3 1/2-1/2

[Event "49th Rilton Cup 2019-20"]
[Site "Stockholm"]
[Date "2019.12.28"]
[Round "2.16"]
[White "Alexakis, Dimitrios"]
[Black "Vestby-Ellingsen, Mads"]
[Result "0-1"]
[ECO "C90"]
[WhiteElo "2093"]
[BlackElo "2346"]
[Annotator "ChessBase"]
[PlyCount "144"]
[EventDate "2019.12.27"]
[EventType "swiss"]
[EventCountry "SWE"]
[SourceTitle "playchess.com"]
[Source "ChessBase"]
[SourceQuality "1"]
[TimeControl "40/5400+30:1800+30"]

1. e4 e5 2. Nf3 Nc6 3. Bb5 a6 4. Ba4 Nf6 5. O-O Be7 6. Re1 b5 7. Bb3 d6 8. c3 O-O 9. d3 Na5 10. Bc2 c5 11. Nbd2 Nd7 12. Nf1 Nb6 13. Ne3 Nc6 14. a3 Be6 15. b4 a5 16. bxc5 dxc5 17. Bb2 Bf6 18. a4 b4 19. c4 Nd4 20. h3 Rb8 21. Bxd4 cxd4 22. Nf1 Nd7 23. N1d2 g6 24. Nb3 Bg7 25. Qd2 h6 26. Bd1 Qb6 27. Qc2 Rbc8 28. h4 f5 29. h5 fxe4 30. Rxe4 Bd5 31. Nfd2 Bxe4 32. Nxe4 Nf6 33. Bf3 Nd5 34. c5 Qa6 35. Bg4 Rc7 36. Re1 Nf4 37. Qc4+ Qxc4 38. dxc4 gxh5 39. Bf3 h4 40. Rd1 Ne6 41. Bg4 Nd8 42. Nd6 Rf4 43. Bh3 Rf8 44. f3 Bf6 45. Kf2 Bg5 46. Ke2 Kg7 47. Kd3 Kg6 48. Nb5 Re7 49. Nxa5 Ne6 50. Bxe6 Rxe6 51. c6 Kf5 52. c7 Kf4 53. Nb7 Rc6 54. N7d6 Kg3 55. Ke4 Kxg2 56. Kd5 Rxc7 57. Nxc7 h3 58. Ne6 Ra8 59. Ne4 Be3 60. Ng7 h2 61. Nf5 h1=Q 62. Rxh1 Kxh1 63. Nc5 Bf4 64. Nd3 Rxa4 65. c5 b3 66. c6 Kg2 67. c7 Ra8 68. Ne7 Kxf3 69. Kc6 e4 70. Kb7 exd3 71. Kxa8 Bxc7 72. Nf5 Ke4 0-1

[Event "49th Rilton Cup 2019-20"]
[Site "Stockholm"]
[Date "2019.12.28"]
[Round "2.17"]
[White "Bellon Lopez, Juan Manuel"]
[Black "Keinanen, Toivo"]
[Result "1/2-1/2"]
[ECO "D58"]
[WhiteElo "2353"]
[BlackElo "2447"]
[Annotator "ChessBase"]
[PlyCount "145"]
[EventDate "2019.12.27"]
[EventType "swiss"]
[EventCountry "SWE"]
[SourceTitle "playchess.com"]
[Source "ChessBase"]
[SourceQuality "1"]
[TimeControl "40/5400+30:1800+30"]

1. d4 d5 2. Nf3 Nf6 3. c4 e6 4. Nc3 Be7 5. Bg5 h6 6. Bh4 O-O 7. e3 b6 8. Qc2 Ba6 9. Bxf6 Bxf6 10. cxd5 Bxf1 11. Kxf1 exd5 12. h4 Qd7 13. Ne2 c5 14. Rd1 Nc6 15. dxc5 Rfd8 16. cxb6 axb6 17. a3 Rac8 18. Qb1 Qg4 19. Nfd4 Nxd4 20. Nxd4 Bxh4 21. g3 Bf6 22. Kg2 h5 23. Rd2 Rc4 24. b3 Rc3 25. Ne2 Rc5 26. Nf4 d4 27. exd4 Rc3 28. Qd1 Qxd1 29. Rhxd1 Rxb3 30. Nxh5 Be7 31. Rd3 Rxa3 32. Rxa3 Bxa3 33. Rb1 Rxd4 34. Rxb6 Rd2 35. Rb8+ Kh7 36. Rb7 Bc5 37. Rxf7 Kg6 38. Rf3 Kxh5 39. Rf5+ Kg6 40. Rxc5 Kf6 41. Kf3 Rb2 42. Rd5 Ra2 43. Ke3 Rb2 44. f3 Rb6 45. Ke4 Re6+ 46. Kf4 Rb6 47. Kg4 Kg6 48. f4 Ra6 49. Kh4 Rb6 50. g4 Kh7 51. Re5 Rb4 52. f5 Rb1 53. Re3 Rb5 54. Kg5 Rb7 55. Kf4 Kg8 56. g5 Kf8 57. Kg4 Rb4+ 58. Kh5 Kf7 59. Ra3 g6+ 60. fxg6+ Kg7 61. Ra7+ Kg8 62. g7 Rb6 63. Re7 Ra6 64. Rb7 Rc6 65. Rb8+ Kxg7 66. Rb7+ Kg8 67. Rd7 Ra6 68. g6 Ra1 69. g7 Rh1+ 70. Kg5 Rg1+ 71. Kf4 Rxg7 72. Rxg7+ Kxg7 73. Ke4 1/2-1/2

[Event "49th Rilton Cup 2019-20"]
[Site "Stockholm"]
[Date "2019.12.28"]
[Round "2.18"]
[White "Kucuksari, Kaan"]
[Black "Savanovic, Aleksandar"]
[Result "1-0"]
[ECO "E04"]
[WhiteElo "2337"]
[BlackElo "2420"]
[Annotator "ChessBase"]
[PlyCount "119"]
[EventDate "2019.12.27"]
[EventType "swiss"]
[EventCountry "SWE"]
[SourceTitle "playchess.com"]
[Source "ChessBase"]
[SourceQuality "1"]
[TimeControl "40/5400+30:1800+30"]

1. d4 d5 2. Nf3 Nf6 3. c4 e6 4. g3 dxc4 5. Bg2 a6 6. O-O Nc6 7. e3 Bd7 8. Qe2 Bd6 9. Qxc4 O-O 10. Rd1 Qe7 11. Nc3 b5 12. Qe2 b4 13. Nb1 Na5 14. e4 Bb5 15. Qe1 e5 16. dxe5 Bxe5 17. Nxe5 Qxe5 18. Qxb4 Qh5 19. Nc3 Rad8 20. Bf4 Nc6 21. Qa3 Nd4 22. Rd2 c5 23. Re1 Rfe8 24. h3 Bd7 25. h4 Bg4 26. Be3 Bf3 27. Bxd4 Bxg2 28. Kxg2 cxd4 29. Red1 Nxe4 30. Rxd4 Rxd4 31. Rxd4 Nxc3 32. Qxc3 h6 33. Qd3 Qa5 34. a3 Rf8 35. Rd6 Ra8 36. b4 Qa4 37. Rd7 Qc6+ 38. Qd5 Qxd5+ 39. Rxd5 Rc8 40. Rd6 a5 41. bxa5 Rc3 42. a4 Rc4 43. a6 Rxa4 44. h5 Kf8 45. Kf3 Ke7 46. Rb6 Ra5 47. Kg4 Rg5+ 48. Kh4 Rf5 49. f4 Ra5 50. g4 Ra4 51. Kg3 Ra3+ 52. Kg2 Ra4 53. Kf3 Ra3+ 54. Ke4 Ra4+ 55. Ke5 Ra5+ 56. Ke4 Ra4+ 57. Kd5 Rxf4 58. Ke5 Ra4 59. Rb7+ Kd8 60. a7 1-0

[Event "49th Rilton Cup 2019-20"]
[Site "Stockholm"]
[Date "2019.12.28"]
[Round "2.19"]
[White "Leenhouts, Koen"]
[Black "Sidhant, Mohapatra"]
[Result "1/2-1/2"]
[ECO "A36"]
[WhiteElo "2415"]
[BlackElo "2338"]
[Annotator "NA"]
[PlyCount "94"]
[EventDate "2019.12.27"]
[EventType "swiss"]
[EventCountry "SWE"]
[SourceTitle "playchess.com"]
[Source "ChessBase"]
[SourceQuality "1"]
[TimeControl "40/5400+30:1800+30"]

1. c4 c5 2. g3 Nc6 3. Bg2 g6 4. Nc3 Bg7 5. a3 d6 6. Rb1 Bf5 7. d3 Qd7 8. Bd2 b6 9. b4 Rc8 10. b5 Nd8 11. h3 e5 12. Qc1 h6 13. a4 Ne7 14. Nf3 Be6 15. h4 d5 16. cxd5 Nxd5 17. O-O f6 18. a5 Nf7 19. Na4 Rb8 20. axb6 axb6 21. Nb2 O-O 22. Nc4 Kh7 23. Qc2 f5 24. e4 Nc7 25. h5 g5 26. Bc3 Bxc4 27. dxc4 f4 28. Rfd1 Qg4 29. Nh2 Qxh5 30. Rd7 Ne8 31. Bf3 Qg6 32. Bg4 Nfd6 33. Bxe5 fxg3 34. fxg3 Kh8 35. Bf5 Nxf5 36. exf5 Rxf5 37. Bxb8 Rf1+ 38. Rxf1 Qxc2 39. Be5 Kg8 40. Bxg7 Nxg7 41. Ng4 Ne6 42. Ra1 Nf8 43. Nxh6+ Kh8 44. Rf7 Qc3 45. Rxf8+ Kg7 46. Raf1 Qxg3+ 47. Kh1 Qh3+ 1/2-1/2

[Event "49th Rilton Cup 2019-20"]
[Site "Stockholm"]
[Date "2019.12.28"]
[Round "2.20"]
[White "Rathanvel, V S"]
[Black "Larsen, Karsten"]
[Result "1-0"]
[ECO "C78"]
[WhiteElo "2411"]
[BlackElo "2278"]
[Annotator "NA"]
[PlyCount "73"]
[EventDate "2019.12.27"]
[EventType "swiss"]
[EventCountry "SWE"]
[SourceTitle "playchess.com"]
[Source "ChessBase"]
[SourceQuality "1"]
[TimeControl "40/5400+30:1800+30"]

1. e4 e5 2. Nf3 Nc6 3. Bb5 a6 4. Ba4 Nf6 5. O-O b5 6. Bb3 Bc5 7. a4 Rb8 8. c3 d6 9. d4 Bb6 10. axb5 axb5 11. Na3 O-O 12. Nxb5 Bg4 13. Bc2 Bxf3 14. gxf3 Nh5 15. Be3 Qf6 16. Kh1 Ne7 17. Rg1 h6 18. Na3 Ng6 19. Nc4 Nh4 20. Nxb6 cxb6 21. Bd3 Nf4 22. Bf1 Ra8 23. Rb1 Rfb8 24. d5 Ra5 25. c4 Ra7 26. Rg4 Kh7 27. Rg1 Kh8 28. Rc1 Kh7 29. b4 Ra2 30. c5 bxc5 31. bxc5 dxc5 32. Rxc5 Rbb2 33. Rc6 Qd8 34. Bc4 Ra8 35. Bxf4 exf4 36. Qd4 Qg5 37. Qxb2 1-0

[Event "49th Rilton Cup 2019-20"]
[Site "Stockholm"]
[Date "2019.12.28"]
[Round "2.21"]
[White "Acikel, Mert"]
[Black "Pantzar, Milton"]
[Result "1/2-1/2"]
[ECO "C55"]
[WhiteElo "2094"]
[BlackElo "2410"]
[Annotator "NA"]
[PlyCount "53"]
[EventDate "2019.12.27"]
[EventType "swiss"]
[EventCountry "SWE"]
[SourceTitle "playchess.com"]
[Source "ChessBase"]
[SourceQuality "1"]
[TimeControl "40/5400+30:1800+30"]

1. e4 e5 2. Nf3 Nc6 3. Bc4 Nf6 4. d3 h6 5. O-O d6 6. a4 g5 7. c3 Bg7 8. Re1 O-O 9. a5 Ne7 10. Nbd2 Ng6 11. Nf1 c6 12. Bb3 Re8 13. Ng3 d5 14. Nf5 Bf8 15. Bc2 Be6 16. h3 Qd7 17. g4 Rad8 18. Be3 Qc8 19. Qe2 Bxf5 20. gxf5 Nf4 21. Bxf4 exf4 22. Qf1 Nh7 23. Qg2 Kh8 24. Qg4 Nf6 25. Qg2 Nh7 26. Qg4 Nf6 27. Qg2 1/2-1/2

[Event "49th Rilton Cup 2019-20"]
[Site "Stockholm"]
[Date "2019.12.28"]
[Round "2.22"]
[White "Volkov, Sergey"]
[Black "Douriet Duany, Alexis"]
[Result "1-0"]
[ECO "A57"]
[WhiteElo "2578"]
[BlackElo "2198"]
[Annotator "RC"]
[PlyCount "79"]
[EventDate "2019.12.27"]
[EventType "swiss"]
[EventCountry "SWE"]
[SourceTitle "playchess.com"]
[Source "ChessBase"]
[SourceQuality "1"]
[TimeControl "40/5400+30:1800+30"]

1. d4 Nf6 2. c4 c5 3. d5 b5 4. Nf3 g6 5. cxb5 a6 6. e3 d6 7. Nc3 Bg7 8. a4 O-O 9. e4 axb5 10. Bxb5 Na6 11. O-O Nb4 12. Bf4 Bg4 13. Rc1 Nh5 14. Be3 f5 15. h3 Bxf3 16. Qxf3 f4 17. Bd2 Be5 18. Nd1 Rb8 19. Rc4 Na2 20. Nc3 Nb4 21. Ne2 Bxb2 22. Bxb4 cxb4 23. Rxb4 Be5 24. Nd4 Bxd4 25. Rxd4 Qb6 26. Rc4 Qa5 27. Rfc1 Nf6 28. Qc3 Rxb5 29. axb5 Qxb5 30. Rc8 Qe2 31. Rxf8+ Kxf8 32. Re1 Qa6 33. e5 Nxd5 34. Qd4 Qa5 35. Rd1 Nc3 36. Qxf4+ Kg7 37. Re1 d5 38. e6 Qc5 39. Qf7+ Kh6 40. Qf8+ 1-0

[Event "49th Rilton Cup 2019-20"]
[Site "Stockholm"]
[Date "2019.12.28"]
[Round "2.23"]
[White "Ionov, Sergey"]
[Black "Furhoff, Johan"]
[Result "1-0"]
[ECO "D00"]
[WhiteElo "2521"]
[BlackElo "2327"]
[Annotator "ChessBase"]
[PlyCount "89"]
[EventDate "2019.12.27"]
[EventType "swiss"]
[EventCountry "SWE"]
[SourceTitle "playchess.com"]
[Source "ChessBase"]
[SourceQuality "1"]
[TimeControl "40/5400+30:1800+30"]

1. d4 d5 2. Bf4 Nf6 3. e3 c5 4. c3 Qb6 5. Qb3 Nc6 6. Nd2 Bf5 7. dxc5 Qxb3 8. axb3 e5 9. Bg3 Bxc5 10. Ngf3 Nd7 11. b4 Bd6 12. Be2 O-O 13. O-O f6 14. Nd4 Bg6 15. Nxc6 bxc6 16. Ra6 Rfc8 17. Rfa1 Rc7 18. f3 Nb8 19. R6a5 Rb7 20. e4 Bc7 21. R5a3 Bb6+ 22. Bf2 Nd7 23. Bxb6 Nxb6 24. Nb3 Nd7 25. Ra6 dxe4 26. Na5 Rb6 27. Nxc6 exf3 28. gxf3 Re8 29. Rxa7 Rxc6 30. Rxd7 Bf5 31. Rd2 Rc7 32. Rad1 e4 33. Rd8 Kf7 34. Rxe8 Kxe8 35. Kf2 exf3 36. Bxf3 Bd7 37. Rd4 Ra7 38. Ke3 Ra2 39. Rd2 Ke7 40. Bd5 Ra1 41. Kd4 Kd6 42. c4 Rf1 43. b5 Rf4+ 44. Ke3 Ke5 45. b6 {[%emt 0:00:30] Kxd5 Ke4+} 1-0

[Event "49th Rilton Cup 2019-20"]
[Site "Stockholm"]
[Date "2019.12.28"]
[Round "2.24"]
[White "Nesterov, Arseniy"]
[Black "Chernyak, Viktoria"]
[Result "1-0"]
[ECO "D52"]
[WhiteElo "2482"]
[BlackElo "2284"]
[Annotator "ChessBase"]
[PlyCount "53"]
[EventDate "2019.12.27"]
[EventType "swiss"]
[EventCountry "SWE"]
[SourceTitle "playchess.com"]
[Source "ChessBase"]
[SourceQuality "1"]
[TimeControl "40/5400+30:1800+30"]

1. d4 d5 2. c4 c6 3. Nf3 Nf6 4. Nc3 e6 5. Bg5 Nbd7 6. e3 Be7 7. Bd3 dxc4 8. Bxc4 b5 9. Be2 a6 10. O-O O-O 11. Bxf6 Nxf6 12. Ne5 Bb7 13. Nd3 a5 14. a3 Bd6 15. Rc1 Qe7 16. f4 Rfd8 17. Bf3 Nd5 18. Qd2 Nb6 19. Ne4 Nc4 20. Qe2 Bb8 21. a4 Nb6 22. Ndc5 Nxa4 23. Nxb7 Qxb7 24. Rxc6 Ra6 25. Nd6 Qa8 26. Rc8 Rxc8 27. Nxc8 1-0

[Event "49th Rilton Cup 2019-20"]
[Site "Stockholm"]
[Date "2019.12.29"]
[Round "3.1"]
[White "Thybo, Jesper Sondergaard"]
[Black "Quesada Perez, Luis Ernesto"]
[Result "1/2-1/2"]
[ECO "A88"]
[WhiteElo "2576"]
[BlackElo "2499"]
[Annotator "ChessBase"]
[PlyCount "61"]
[EventDate "2019.12.27"]
[EventType "swiss"]
[EventCountry "SWE"]
[SourceTitle "playchess.com"]
[Source "ChessBase"]
[SourceQuality "1"]
[TimeControl "40/5400+30:1800+30"]

1. d4 f5 2. g3 Nf6 3. Bg2 g6 4. Nf3 Bg7 5. O-O O-O 6. c4 d6 7. Nc3 c6 8. b3 Na6 9. Bb2 Qc7 10. d5 e5 11. dxe6 Bxe6 12. Qc2 Kh8 13. Rad1 Bg8 14. Rfe1 d5 15. cxd5 Nb4 16. Qc1 Nbxd5 17. Nh4 Nxc3 18. Bxc3 Rae8 19. Rd3 Ne4 20. Qh6 Qf7 21. Bxe4 fxe4 22. Bxg7+ Qxg7 23. Qxg7+ Kxg7 24. Rd7+ Rf7 25. Red1 Rfe7 26. Ng2 a5 27. R1d2 Bd5 28. Rd6 Re6 29. Rd7+ R6e7 30. Rd6 Re6 31. Rd7+ 1/2-1/2